 Dungeon Crawl Stone Soup version 0.27-a0-423-gf312af23e9 (webtiles) character file.

Game seed: 14094704167128544529

8474 hehateme the Skirmisher (level 11, -6/68 HPs)
             Began as a Kobold Conjurer on Feb 26, 2021.
             Was a Believer of Vehumet.
             Killed from afar by a rime drake (14 damage)
             ... with a flash freeze
             ... on level 11 of the Dungeon.
             The game lasted 00:35:20 (17244 turns).

hehateme the Skirmisher (Kobold Conjurer)          Turns: 17244, Time: 00:35:20

Health: -6/68      AC: 11    Str:  4 (5)  XL:     11   Next: 56%
Magic:  19/22      EV: 16    Int: 21 (22) God:    Vehumet [**....]
Gold:   608        SH:  6    Dex: 12 (14) Spells: 12/25 levels left

rFire    . . .     SeeInvis .   j - +0 dagger (elec)
rCold    . . .     Faith    .   O - +1 buckler {AC+3} {AC+3}
rNeg     . . .     Spirit   .   a - +0 robe
rPois    .         Reflect  .   g - +1 helmet
rElec    .         Harm     .   C - +0 cloak
rCorr    .         Rampage  .   l - +0 pair of gloves
Will     .....                  u - +1 pair of boots
Stlth    ++........             (no amulet)
HPRegen  0.21/turn              (no ring)
MPRegen  0.18/turn              (no ring)

@: silence
A: small, nightstalker 3
a: Renounce Religion


You were on level 11 of the Dungeon.
You worshipped Vehumet.
Vehumet was pleased with you.
You visited 2 branches of the dungeon, and saw 12 of its levels.

You collected 608 gold pieces.

Inventory:

Hand Weapons
 j - a +0 dagger of electrocution (weapon)
 P - the +7 mace "Mihemi" {pain, rElec rPois Str+4 Dex+3}
   (You found it on level 8 of the Dungeon)

   In the hands of one skilled in necromantic magic, it inflicts extra damage on
   living creatures.
   It affects your strength (+4).
   It affects your dexterity (+3).
   It insulates you from electricity.
   It protects you from poison.
Missiles
 b - 97 poisoned darts
 m - 119 stones
 x - a curare-tipped dart
 y - 104 sling bullets
 z - 90 bolts
 L - 10 boomerangs
 Q - 315 arrows
 T - 3 silver boomerangs
 U - 4 javelins
 V - 2 throwing nets {=f}
Armour
 a - a +0 robe (worn)
 g - a +1 helmet (worn)
 l - a +0 pair of gloves (worn)
 u - a +1 pair of boots (worn)
 C - a +0 cloak (worn)
 O - a +1 buckler of protection (worn) {AC+3}
 W - the +1 leather armour of Vuubapte {rN+ Int+5}
   (You found it on level 10 of the Dungeon)

   It affects your intelligence (+5).
   It protects you from negative energy.
Jewellery
 e - an amulet of regeneration
 h - a +4 ring of protection
 p - a +4 ring of protection
 s - an amulet of reflection
 E - a ring of flight
 F - a ring of protection from fire
 G - an amulet of guardian spirit {Spirit}
Wands
 D - a wand of digging (1)
 J - a wand of charming (10)
Scrolls
 c - 2 scrolls of amnesia
 i - 2 scrolls of identify
 q - 2 scrolls of enchant armour {unknown}
 r - 2 scrolls of immolation {!r}
 B - a scroll of magic mapping {!r}
 K - 2 scrolls of fog {unknown}
Potions
 f - 2 potions of magic
 n - a potion of brilliance
 v - a potion of attraction {!q}
 w - a potion of degeneration {!q}
 M - a potion of flight
Miscellaneous
 t - a phantom mirror (inert)


   Skills:
 + Level 7.6 Fighting
 - Level 5.7 Dodging
 - Level 2.6 Stealth
 + Level 3.8 Shields
 + Level 7.6 Spellcasting
 - Level 5.8 Conjurations
 - Level 5.7 Hexes
 * Level 7.0 Necromancy
 * Level 7.0 Earth Magic


You had 12 spell levels left.
You knew the following spells:

 Your Spells              Type           Power        Failure   Level
a - Magic Dart            Conj           100%         1%          1
b - Searing Ray           Conj           64%          1%          2
c - Fulminant Prism       Conj/Hex       16%          9%          4
d - Sandblast             Erth           74%          1%          1
e - Borgnjor's Vile Clut  Necr/Erth      18%          14%         5

Your spell library contained the following spells:

 Spells                   Type           Power        Failure   Level
 Inner Flame              Hex/Fire       20%          9%          3
 Dazzling Flash           Conj/Hex       64%          2%          3
 Ensorcelled Hibernation  Hex/Ice        40%          4%          2
 Beastly Appendage        Tmut           16%          10%         1
 Wereblood                Tmut           8%           14%         2
 Animate Armour           Summ/Erth      44%          22%         4
 Spider Form              Tmut/Pois      4%           28%         3
 Iskenderun's Mystic Bla  Conj/Tloc      20%          28%         4
 Silence                  Hex/Air        10%          63%         5
 Ice Form                 Ice/Tmut       8%           67%         4
 Blade Hands              Tmut           4%           95%         5
 Shadow Creatures         Summ           N/A          100%        6


Dungeon Overview and Level Annotations

Branches:
Dungeon (11/15)            Temple (1/1) D:5            Lair (0/6) D:11
    Orc: D:9-12

Altars:
Ashenzari
Cheibriados
Dithmenos
Elyvilon
Fedhas
Gozag
Hepliaklqana
Kikubaaqudgha
Makhleb
Nemelex Xobeh
Okawaru
Qazlal
Ru
Sif Muna
Trog
Uskayaw
Vehumet
Wu Jian
Xom
Yredelemnul
Zin
The Shining One

Annotations:
D:4 exclusion: ogre, Menkaure
D:5 exclusions: 2 lemures and orc, Prince Ribbit
D:10 Harold, Snorg, Urug


Innate Abilities, Weirdness & Mutations

You are small and have problems with some larger weapons.
You are completely attuned to the shadows.


Message History

As you read the scroll labelled IDAYC ZUUFE, it crumbles to dust.
You feel aware of your surroundings.
It was a scroll of magic mapping.
As you read the scroll labelled LIOLUACZ NAXAADGH, it crumbles to dust.
You speak a Word of immense power!
It was a scroll of holy word.
As you read the scroll labelled NIFFOU YXEWE, it crumbles to dust.
A profound silence engulfs you.
It was a scroll of silence.
Okay, then.
Unknown command.
Okay, then.
Okay, then.
You barely miss the rime drake. The ice encasing you melts away.
The rime drake barely misses you.
You closely miss the rime drake. The rime drake misses you.
The rime drake barely misses you.
You hit the rime drake but do no damage.
The rime drake breathes ice at you. The flash freeze misses you.
You hit the rime drake. You block the rime drake's attack.
You hit the rime drake.
The rime drake bites you but does no damage.
You hit the rime drake but do no damage.
The rime drake bites you!
* * * LOW HITPOINT WARNING * * *
You take 7 damage, and have 8/68 hp.
You hit the rime drake.
The rime drake bites you but does no damage.
The rime drake barely misses you.
You closely miss the rime drake. The rime drake bites you.
* * * LOW HITPOINT WARNING * * *
You hit the rime drake.
Lightning courses through the rime drake!
The rime drake closely misses you.
You closely miss the rime drake. The rime drake breathes ice at you.
The flash freeze misses you.
You hit the rime drake but do no damage.
The rime drake breathes ice at you. The flash freeze hits you!
You die...

≈≈≈≈≈≈≈≈≈≈≈,,,,,,,,,,,,*,,,,,....
,,≈≈≈≈≈≈≈≈≈,,,,****,*,,,,,,,,....
,,≈≈≈≈≈,≈.≈≈...# *,*,,,,,,,,....
,,≈≈≈≈≈≈....≈..###*,*,,,,,,,,....
,,≈≈,≈,≈....≈.)...,,,,,,,,,,,...†
≈,,,,≈,..........#*.#.#****,*...#
,,,,,,,.......)#.#*.#.#****,*...#
,*,,,**.##..##.#.#*...,,,,,,,....
,,,,,,,..#..##.#@##.#.#****,*,###
,,,,,,,..≈≈≈≈≈...k.≈≈.≈≈≈≈≈≈..≈≈≈
,*,,≈≈≈≈≈≈≈≈≈≈≈≈≈≈..≈≈≈≈≈≈≈≈≈≈≈≈≈
,≈≈≈≈≈≈≈≈≈≈≈.≈#####$.≈≈≈≈≈≈≈≈≈≈≈≈
≈≈≈≈≈≈≈T≈≈≈≈.≈#.k.....≈≈≈≈≈≈≈≈≈≈≈
≈≈≈≈≈≈≈≈≈≈≈≈.≈#.....≈.≈≈≈≈≈≈≈≈≈≈≈
≈≈≈≈≈≈.≈≈≈≈..≈#...≈#....##≈≈≈≈≈≈.
≈≈≈≈†...≈.....#..≈#≈#≈#.####≈≈#.<
{≈≈≈.............#≈........##.#..

Skill      XL: |  1  2  3  4  5  6  7  8  9 10 11 |
---------------+----------------------------------+-----
Fighting       | 1 2 3 4 5 6 7 |  7.6
Conjurations   | 5 |  5.8
Spellcasting   | 3 4 5 6 7 |  7.6
Hexes          | 1 3 5 |  5.7
Dodging        | 3 5 |  5.7
Necromancy     | 3 5 7 |  7.0
Earth Magic    | 3 5 7 |  7.0
Shields        | 1 3 |  3.8
Stealth        | |  2.6

Notes
Turn   | Place    | Note
-------+----------+-------------------------------------------
     0 | D:1      | hehateme the Kobold Conjurer began the quest for the Orb.
     0 | D:1      | Reached XP level 1. HP: 10/10 MP: 3/3
   186 | D:1      | Reached XP level 2. HP: 16/16 MP: 0/5
   470 | D:1      | Reached skill level 1 in Fighting
   479 | D:1      | Reached XP level 3. HP: 15/20 MP: 0/6
  1193 | D:2      | Learned a level 2 spell: Searing Ray
  1258 | D:2      | Found a snail-covered altar of Cheibriados.
  1882 | D:3      | Reached XP level 4. HP: 25/25 MP: 4/8
  2819 | D:3      | Reached skill level 5 in Conjurations
  3343 | D:4      | Found a shimmering blue altar of Sif Muna.
  3463 | D:4      | Reached skill level 3 in Spellcasting
  3689 | D:4      | Reached skill level 2 in Fighting
  3689 | D:4      | Reached XP level 5. HP: 30/30 MP: 6/9
  4286 | D:4      | Noticed an ogre
  4430 | D:4      | Noticed Menkaure
  4485 | D:5      | Entered Level 5 of the Dungeon
  4659 | D:5      | Reached XP level 6. HP: 26/36 MP: 4/11
  4874 | D:5      | Reached skill level 3 in Fighting
  4874 | D:5      | Reached skill level 1 in Hexes
  4930 | D:5      | Reached XP level 7. HP: 34/41 MP: 0/12
  5102 | D:5      | Reached skill level 3 in Dodging
  5122 | D:5      | Reached skill level 4 in Spellcasting
  5122 | D:5      | Reached skill level 2 in Hexes
  5311 | D:5      | Found a staircase to the Ecumenical Temple.
  5317 | Temple   | Entered the Ecumenical Temple
  5645 | Temple   | Became a worshipper of Vehumet
  6150 | D:5      | Noticed Prince Ribbit
  6714 | D:6      | Reached skill level 3 in Hexes
  6857 | D:6      | Reached skill level 4 in Fighting
  6857 | D:6      | Reached XP level 8. HP: 48/48 MP: 10/14
  6861 | D:6      | Reached skill level 4 in Dodging
  7594 | D:7      | Reached skill level 4 in Hexes
  7944 | D:7      | Noticed Dowan
  7945 | D:7      | Noticed Duvessa
  7950 | D:7      | Killed Dowan
  7954 | D:7      | Killed Duvessa
  7955 | D:7      | Reached skill level 5 in Spellcasting
  8341 | D:7      | Reached skill level 5 in Dodging
  8341 | D:7      | Reached skill level 5 in Hexes
  8434 | D:7      | Reached skill level 5 in Fighting
  8477 | D:7      | Reached XP level 9. HP: 50/54 MP: 7/16
  8754 | D:7      | Reached * piety under Vehumet
  8754 | D:7      | Offered knowledge of Freeze by Vehumet.
  8764 | D:7      | Learned a level 4 spell: Fulminant Prism
  9509 | D:7      | Reached skill level 1 in Necromancy
  9509 | D:7      | Reached skill level 1 in Earth Magic
 10067 | D:8      | Identified the +7 mace "Mihemi" {pain, rElec rPois Str+4
                  | Dex+3}
 10232 | D:8      | Reached skill level 2 in Necromancy
 10232 | D:8      | Reached skill level 2 in Earth Magic
 10556 | D:8      | Reached skill level 1 in Shields
 10634 | D:7      | HP: 8/55 [orc warrior/+0 short sword (10)]
 10650 | D:7      | Reached skill level 6 in Spellcasting
 11242 | D:8      | Reached skill level 3 in Earth Magic
 11423 | D:8      | Reached skill level 3 in Necromancy
 11565 | D:8      | Reached skill level 6 in Fighting
 11596 | D:8      | Reached ** piety under Vehumet
 11596 | D:8      | Offered knowledge of Sandblast by Vehumet.
 11802 | D:8      | Reached XP level 10. HP: 47/60 MP: 13/19
 12082 | D:8      | Learned a level 1 spell: Sandblast
 12440 | D:9      | Noticed Maurice
 12448 | D:9      | Killed Maurice
 12449 | D:9      | Reached skill level 2 in Shields
 12449 | D:9      | Reached skill level 4 in Necromancy
 12449 | D:9      | Reached skill level 4 in Earth Magic
 13485 | D:10     | Entered Level 10 of the Dungeon
 13647 | D:10     | Noticed Harold
 13651 | D:10     | Reached skill level 5 in Necromancy
 13651 | D:10     | Reached skill level 5 in Earth Magic
 13657 | D:10     | HP: 15/61 [poisoned by Harold]
 14228 | D:10     | Noticed Snorg
 14285 | D:10     | Noticed a gargoyle
 14294 | D:10     | Killed a gargoyle
 14363 | D:10     | Reached skill level 7 in Spellcasting
 14490 | D:10     | Reached skill level 7 in Fighting
 14490 | D:10     | Reached skill level 3 in Shields
 14528 | D:10     | Reached XP level 11. HP: 65/67 MP: 14/21
 14599 | D:10     | Noticed a cyclops
 14610 | D:10     | Killed a cyclops
 14611 | D:10     | Reached skill level 6 in Necromancy
 14611 | D:10     | Reached skill level 6 in Earth Magic
 14652 | D:10     | Learned a level 5 spell: Borgnjor's Vile Clutch
 14719 | D:10     | Identified the +1 leather armour of Vuubapte {rN+ Int+5}
 14725 | D:10     | Noticed Urug
 14921 | D:10     | Noticed an ogre mage
 14981 | D:10     | Noticed a two-headed ogre
 15115 | D:11     | Noticed a white ugly thing
 15235 | D:11     | Offered knowledge of Inner Flame by Vehumet.
 15455 | D:11     | HP: 3/67 [white ugly thing (33)]
 15459 | D:11     | Noticed Fannar
 15463 | D:11     | Killed a cyan ugly thing
 15463 | D:11     | HP: 14/67 [Fannar/+0 quarterstaff of freezing (4)]
 15494 | D:11     | Killed Fannar
 15499 | D:11     | HP: 22/100 [acid (6)]
 15502 | D:11     | HP: 7/67 [wolf (7)]
 15503 | D:11     | HP: 3/67 [wolf (4)]
 15570 | D:11     | HP: 16/67 [electric eel/bolt of electricity (8)]
 15753 | D:11     | HP: 13/67 [electric eel/bolt of electricity (5)]
 15753 | D:11     | HP: 5/67 [electric eel/bolt of electricity (7)]
 17141 | D:11     | Reached skill level 7 in Necromancy
 17181 | D:11     | Reached skill level 7 in Earth Magic
 17230 | D:11     | HP: 13/68 [rime drake/flash freeze (20)]
 17239 | D:11     | HP: 8/68 [rime drake (7)]
 17244 | D:11     | Killed from afar by a rime drake

Table legend: (Time is in decaauts)
 A = Elapsed time spent in this place.
 B = Non-inter-level travel time spent in this place.
 C = Inter-level travel time spent in this place.
 D = Time resting spent in this place.
 E = Time spent auto-exploring this place.
 F = Levels seen in this place.
 G = Mean time per level.
                   A        B        C        D        E       F      G
               +--------+--------+--------+--------+--------+-----+--------+
         Total |  17263 |  16855 |    408 |   6255 |   9115 |  12 | 1438.6 |
       Dungeon |  16904 |  16558 |    346 |   6255 |   8821 |  11 | 1536.7 |
        Temple |    358 |    296 |     62 |      0 |    294 |   1 |  358.0 |
               +--------+--------+--------+--------+--------+-----+--------+

Top non-repeatable levels by time:
     D:7: 2770 daAuts
    D:11: 1948 daAuts
     D:8: 1769 daAuts
     D:3: 1619 daAuts
     D:9: 1616 daAuts
    D:10: 1493 daAuts
     D:6: 1454 daAuts
     D:5: 1367 daAuts
     D:1: 1159 daAuts
     D:4: 1028 daAuts
     D:2: 678 daAuts
  Temple: 358 daAuts

Table legend:
 A = Kills in this place as a percentage of kills in entire the game.
 B = Kills by you in this place as a percentage of kills by you in the entire game.
 C = Kills by friends in this place as a percentage of kills by friends in the entire game.
 D = Other kills in this place as a percentage of other kills in the entire game.
 E = Experience gained in this place as a percentage of experience gained in the entire game.
 F = Experience gained in this place divided by the number of levels of this place that you have seen.
                   A       B       C       D       E      F
               +-------+-------+-------+-------+-------+----------------------
         Total | 100.0 | 100.0 | 100.0 | 100.0 | 100.0 | 1008.8
       Dungeon | 100.0 | 100.0 | 100.0 | 100.0 | 100.0 | 1100.5
               +-------+-------+-------+-------+-------+----------------------

Action                   |  1- 3 |  4- 6 |  7- 9 | 10-12 || total
-------------------------+-------+-------+-------+-------++-------
Melee: Dagger            |     4 |     8 |    52 |    60 ||   124
 Cast: Magic Dart        |    55 |    25 |    59 |     2 ||   141
       Searing Ray       |     3 |    35 |    74 |    49 ||   161
       Fulminant Prism   |       |       |     9 |     2 ||    11
       Sandblast         |       |       |       |    80 ||    80
       Borgnjor's Vile C |       |       |       |     3 ||     3
Evoke: Wand              |       |       |     3 |    15 ||    18
       Phantom mirror    |       |       |       |     1 ||     1
  Use: Scroll            |       |       |     7 |    10 ||    17
       Potion            |       |       |     1 |    12 ||    13
 Stab: Paralysed         |       |       |     8 |    11 ||    19
       Invisible         |       |       |       |     3 ||     3
Armor: Robe              |       |     6 |    30 |    19 ||    55
       Skin              |       |       |       |    18 ||    18
Dodge: Dodged            |     4 |    25 |   108 |    94 ||   231
Block: Buckler           |       |       |     8 |    45 ||    53

Vanquished Creatures
  Fannar (D:11)
  A cyclops (D:10)
  Maurice (D:9)
  A gargoyle (D:10)
  A rime drake (D:11)
  A water elemental (D:11)
  4 yaks
  An acid dragon (D:11)
  Duvessa (D:7)
  2 ice beasts
  2 orc warriors
  A black bear (D:10)
  A necrophage (D:11)
  A sky beast (D:10)
  5 ogres
  2 wolves (D:11)
  13 centaurs
  A phantom (D:11)
  A kobold brigand (D:10)
  4 gnoll sergeants (D:7)
  6 bullfrogs
  Dowan (D:7)
  A water moccasin skeleton (D:7)
  4 wights (D:9)
  4 electric eels (D:11)
  3 centaur zombies
  2 quasits
  3 bullfrog zombies
  7 hounds
  A gnoll shaman (D:6)
  3 jellies
  2 orc priests (D:9)
  3 centaur skeletons
  3 bullfrog skeletons
  An iguana (D:8)
  7 orc wizards
  7 worker ants
  A killer bee zombie (D:5)
  A worker ant zombie (D:5)
  A howler monkey zombie (D:5)
  10 gnolls
  6 adders
  A howler monkey skeleton (D:5)
  A shadow imp (D:9)
  3 white imps
  An ufetubus (D:8)
  An ooze (D:3)
  3 adder zombies
  2 dart slugs
  7 leopard geckos
  24 orcs
  A bat (D:3)
  2 giant cockroaches
  15 goblins
  9 hobgoblins
  10 jackals
  5 kobolds
  4 quokkas
  A ball python skeleton (D:4)
  3 frilled lizards
  A giant cockroach zombie (D:6)
  A quokka zombie (D:9)
  4 rats
221 creatures vanquished.

Vanquished Creatures (collateral kills)
  An ugly thing (D:11)
1 creature vanquished.

Vanquished Creatures (others)
  A black bear (D:10)
  A hound (D:11)
  11 fulminant prisms
  2 fungi (D:1)
  13 plants
28 creatures vanquished.

Grand Total: 250 creatures vanquished You could see a rime drake (catching breath).

Levels and vault maps discovered:
D:1:      tarquinn_simple_flora_water_d, layout_loops_ring
D:2:      layout_rooms, cheibriados_altar_1
D:3:      minmay_skewed_foursquare, layout_basic
D:4:      layout_loops_corners, lemuel_crystal_altar, uniq_menkaure
D:5:      layout_rooms, minmay_temple_entry_poolview, serial_undead,
          serial_undead_c, serial_undead_b, serial_undead_a, serial_undead_a,
          uniq_prince_ribbit1, uniq_pikel
D:6:      layout_gridville
D:7:      layout_cave_pools, serial_gnoll_camp, gnoll_camp_mini_hut,
          gnoll_camp_mini_house, gnoll_camp_mini_basic,
          gnoll_camp_mini_doghouse, gnoll_camp_mini_hut, grunt_decor_one_mirror,
          uniq_duvessa
D:8:      layout_gridville
D:9:      layout_roguey, uniq_maurice
D:10:     minmay_the_grid_triangle_9x9_rhombus_full
          [minmay_the_grid_triangle_9x9_negative_grid,
          minmay_the_grid_triangle_9x9_steps,
          minmay_the_grid_triangle_9x9_swiss_cheese,
          minmay_the_grid_triangle_9x9_flanged_cone,
          minmay_the_grid_triangle_9x9_shrine,
          minmay_the_grid_triangle_9x9_zippers_vertical,
          minmay_the_grid_triangle_9x9_subtriangle,
          minmay_the_grid_triangle_9x9_prize_insulated], layout_cave_pools,
          orc_0_dummy, minmay_shattered_shrine, uniq_urug, uniq_snorg,
          uniq_harold
D:11:     layout_basic, erik_lair_island, portal_ice_cave_rime,
          chequers_serial_rivers_marsh, uniq_fannar
Temple:   kilobyte_greek_temple
